 Dungeon Crawl Stone Soup version 0.31.0-11-ge490571c62 (webtiles) character file.

Game seed: 6423907060626828038

124 iamserjio the Chopper (level 4, -2/41 HPs)
             Began as a Minotaur Monk on Jan 29, 2024.
             Killed by divine providence
             ... invoked by an orc priest
              (13 damage)
             ... on level 4 of the Dungeon.
             The game lasted 00:01:43 (1397 turns).

iamserjio the Chopper (Minotaur Monk)               Turns: 1397, Time: 00:01:44

Health: -2/41      AC:  7    Str: 18    XL:     4   Next: 81%
Magic:  3/3        EV: 11    Int:  7    God:
Gold:   136        SH:  0    Dex: 12    Spells: 3/3 levels left

rFire   . . .        a - +0 hand axe
rCold   . . .        d - orb {light}
rNeg    . . .        m - +0 ring mail
rPois   .            (helmet restricted)
rElec   .            k - +1 cloak {Stlth+}
rCorr   .            (no gloves)
SInv    .            (no boots)
Will    .....        (no amulet)
Stlth   +            (no ring)
HPRegen 0.26/turn    (no ring)
MPRegen 0.08/turn

%: no passive effects
@: glowing
A: horns 2, retaliatory headbutt
a: no special abilities


You were on level 4 of the Dungeon.
You visited 1 branch of the dungeon, and saw 4 of its levels.

You collected 136 gold pieces.

Inventory:

Hand Weapons
 a - a +0 hand axe (weapon)
 n - a +2 sling of flaming
Missiles
 g - 6 poisoned darts (quivered)
Armour
 b - a +0 robe
 d - an orb of light (worn)
 k - a +1 cloak of stealth (worn)
 m - a +0 ring mail (worn)
Scrolls
 e - a scroll of enchant armour {unknown}
 f - a scroll of blinking {unknown}
 h - 2 scrolls of teleportation {unknown}
 l - a scroll of poison {unknown}
Potions
 c - 2 potions of ambrosia
 i - a potion of attraction {unknown}
 j - a potion of enlightenment {unknown}
 o - 2 potions of might {unknown}
 p - a potion of haste {unknown}


   Skills:
 + Level 4.9 Fighting
 * Level 5.9 Axes
 - Level 3.2 Dodging


You had 3 spell levels left.
You didn't know any spells.
Your spell library contained the following spells:

 Spells                   Type           Power      Damage    Failure   Level
 Necrotise                Necr           0%         1d4       63%         1
 Summon Small Mammal      Summ           0%         N/A       63%         1
 Static Discharge         Conj/Air       0%         3-3/arc   77%         2
 Call Canine Familiar     Summ           0%         N/A       94%         3
 Vampiric Draining        Necr           0%         2d6       94%         3
 Volatile Blastmotes      Fire/Tloc      0%         2d10      94%         3
 Airstrike                Air            0%         2d(0-16)  100%        4
 Fulminant Prism          Conj/Alch      0%         3d5       100%        4
 Iskenderun's Mystic Bla  Conj/Tloc      0%         2d3       100%        4
 Martyr's Knell           Necr/Summ      0%         N/A       100%        4
 Summon Blazeheart Golem  Fire/Summ      0%         N/A       100%        4
 Summon Lightning Spire   Summ/Air       0%         N/A       100%        4
 Curse of Agony           Necr           0%         N/A       100%        5


Dungeon Overview and Level Annotations

Branches:
Dungeon (4/15) Zot: 22582
 Temple: D:4-7

Altars:
Cheibriados
Okawaru

Annotations:
D:3 Grinder
D:4 3 runed translucent doors, Daviar's ghost, weakling HuDe; Farlane's ghost, amateur TrSh; NitroKuite's ghost, amateur GrEE; Raspi's ghost, amateur GnWn


Innate Abilities, Weirdness & Mutations

You have a pair of horns on your head.
You reflexively headbutt those who attack you in melee.


Message History

You are too injured to fight recklessly!
You are too injured to fight recklessly!
You are too injured to fight recklessly!
You are too injured to fight recklessly!
You are too injured to fight recklessly!
You are too injured to fight recklessly!
You are too injured to fight recklessly!
You are too injured to fight recklessly!
You are too injured to fight recklessly!
You are too injured to fight recklessly!
The orc wizard hits you but does no damage.
You barely miss the orc wizard.
The orc wizard gestures at you while chanting.
The puff of flame misses you.
You hit the orc wizard.
An orc comes into view. It is wielding a +0 club.
The orc wizard casts a spell at you.
The magic dart hits you but does no damage.
The orc shouts!
You hit the orc wizard.
The orc wizard casts a spell.
The orc wizard flickers and vanishes for a moment.
The orc priest mumbles some strange prayers to Beogh against you.
Beogh smites you!
* * * LOW HITPOINT WARNING * * *
You hit the orc wizard.
The orc wizard hits you but does no damage.
The orc priest calls upon Beogh to heal the orc wizard.
The orc wizard is healed somewhat.
You hit the orc wizard.
The orc wizard hits you with a +0 dagger.
* * * LOW HITPOINT WARNING * * *
The orc priest calls upon Beogh to heal the orc wizard.
The orc wizard's wounds heal themselves!
You hit the orc wizard but do no damage.
The orc wizard hits you with a +0 dagger.
* * * LOW HITPOINT WARNING * * *
The orc priest calls down the wrath of Beogh upon you.
Beogh smites you!
You die...

#.....# #.....# #..†..#
#.....# ##'''## #.....#
#####.....#
##.#######...#..8..#
#.oooo@....#....#..####
#^.###############.....
#..### #..# #####..#
#......# #..#...#
#.#_#..# ##..#...#


You could see an orc priest, an orc wizard (invisible) and 2 orcs.

Vanquished Creatures
  A hound (D:4)
  An iguana (D:4)
  2 adders (D:2)
  3 dart slugs
  A ribbon worm (D:4)
  An orc (D:4)
  4 ball pythons
  A bat (D:1)
  5 endoplasms
  A giant cockroach (D:4)
  A goblin (D:4)
  4 hobgoblins
  6 jackals
  A frilled lizard (D:3)
  5 kobolds (D:1)
  2 rats
39 creatures vanquished.

Notes
Turn   | Place    | Note
-------+----------+-------------------------------------------
     0 | D:1      | iamserjio the Minotaur Monk began the quest for the Orb.
     0 | D:1      | Reached XP level 1. HP: 19/19 MP: 0/0
    77 | D:1      | Reached skill level 4 in Axes
   179 | D:1      | Reached XP level 2. HP: 24/27 MP: 1/1
   799 | D:2      | Reached XP level 3. HP: 12/33 MP: 2/2
  1045 | D:3      | Reached skill level 5 in Axes
  1056 | D:3      | Noticed Grinder
  1162 | D:4      | Found an iron altar of Okawaru.
  1213 | D:4      | Reached XP level 4. HP: 41/41 MP: 3/3
  1261 | D:4      | Found a runed translucent gate.
  1262 | D:4      | Found a runed translucent gate.
  1263 | D:4      | Found a runed translucent gate.
  1264 | D:4      | Noticed Farlane's ghost (amateur TrSh)
  1264 | D:4      | Noticed NitroKuite's ghost (amateur GrEE)
  1265 | D:4      | Noticed Raspi's ghost (amateur GnWn)
  1265 | D:4      | Noticed Daviar's ghost (weakling HuDe)
  1351 | D:4      | Found a snail-covered altar of Cheibriados.
  1397 | D:4      | Killed from afar by an orc priest

Illustrated notes

Levels and vault maps discovered:
D:1:      lightli_arrival_statue_moat, layout_loops_ring, nrook_campfire,
          serial_bayou_crossing
D:2:      layout_rooms, uniq_jessica
D:3:      layout_loops_ring, overflow_temple_1_default,
          nicolae_qazlal_style_of_elements, grunt_decor_mini_mirrors,
          uniq_grinder, uniq_natasha
D:4:      layout_loops_ring, okawaru_metal_pillars_1_2, slow_altar_2,
          gammafunk_ghost_cemetery, roderic_roman_lattice,
          chequers_serial_rivers_room_a, kennysheep_flooded_box

Skill      XL: |  1  2  3 |
---------------+----------+-----
Axes           | 4 5 |  5.9
Fighting       | 4 |  4.9
Dodging        | |  3.2

Action                     |  1- 3 |  4- 6 || total
---------------------------+-------+-------++-------
  Melee: Hand axe          |    64 |    20 ||    84
         Headbutt          |    12 |     6 ||    18
 Armour: Robe              |    23 |       ||    23
         Ring mail         |    13 |    13 ||    26
  Dodge: Dodged            |    40 |     4 ||    44
